Map: 세룰리안 폴 - 래더

Players

TYTY (TY) - Winner!

  • Race: Terran Terran
  • League: Master
  • Spawn Location: 1:00

Dear

  • Race: Protoss Protoss
  • Spawn Location: 7:00

Event: IEM Season 13 - Katowice Server Qualifiers Asia 2

VOD

Have the link to the VOD?

Description

Time

  • Played on: Jan. 22, 2019, 5:36 a.m.
  • Length: 7:46

All games in this series

Show
View Real Time Build Order
Export as new Build Order

TYTY Terran - Winner!

Build Orders:  

Get SALT Encoding   

  12  0:00  SCV  
  13  0:12  SCV  
  14  0:17  Supply Depot  
  14  0:24  SCV  
  15  0:29  Refinery  
  15  0:38  SCV  
  16  0:44  Barracks  
  16  0:50  SCV  
  17  1:02  SCV  
  18  1:14  SCV  
  19  1:32  Reaper, Orbital Command  
  20  1:45  Command Center  
  20  1:57  Factory  
  20  2:00  SCV  
  21  2:07  Supply Depot  
  21  2:11  Barracks Reactor  
  21  2:14  SCV  
  22  2:21  Refinery  
  22  2:26  SCV  
  23  2:38  SCV  
  23  2:43  Starport  
  26  2:46  Marine x2  
  26  2:50  Widow Mine  
  28  2:52  SCV  
  29  2:58  Orbital Command  
  29  3:04  Marine x2, SCV  
  32  3:11  Widow Mine  
  34  3:16  SCV  
  34  3:21  Medivac  
  34  3:22  Marine x2  
  34  3:25  SCV  
  39  3:33  Widow Mine  
  40  3:35  SCV  
  40  3:37  Supply Depot  
  40  3:39  SCV  
  41  3:41  Marine  
  41  3:43  Marine  
  41  3:47  SCV  
  44  3:52  SCV  
  45  3:59  SCV  
  45  4:02  Marine x2, Factory Tech Lab, Supply Depot  
  48  4:06  Barracks, SCV  
  49  4:11  Barracks  
  49  4:13  SCV  
  50  4:20  Marine x2, SCV  
  56  4:24  Siege Tank  
  56  4:26  Starport Tech Lab  
  56  4:27  SCV  
  57  4:32  Supply Depot  
  57  4:33  SCV  
  57  4:38  Marine  
  59  4:40  Marine  
  59  4:42  Liberator  
  59  4:43  SCV  
  61  4:48  SCV  
  62  4:55  Marine, SCV, Supply Depot  
  62  4:57  Engineering Bay  
  62  4:58  Marine  
  68  5:01  Stimpack  
  68  5:02  Factory Reactor, SCV  
  70  5:10  Refinery  
  70  5:11  Supply Depot  
  70  5:12  SCV  
  70  5:16  Marine, SCV, Supply Depot  
  70  5:18  Marine  
  73  5:23  Terran Infantry Weapons Level 1  
  73  5:24  SCV  
  73  5:25  Marine x2  
  76  5:30  SCV, Supply Depot  
  76  5:34  Marine  
  78  5:36  Marine  
  78  5:40  Widow Mine x2  
  78  5:42  Starport Reactor  
  83  5:45  Marauder x2  
  87  5:50  Combat Shield, Supply Depot  
  87  5:52  Marine  
  87  5:54  Marine  
  89  6:01  Widow Mine x2  
  89  6:02  Refinery  
  93  6:07  Marauder, SCV x2  
  93  6:09  Marauder  
  99  6:15  Supply Depot  
  99  6:19  Marine x2, Supply Depot  
  99  6:21  Medivac x2  
  105  6:27  Widow Mine  
  105  6:29  Marine  
  105  6:30  Marine  
  108  6:35  Command Center  
  108  6:37  Marine  
  109  6:41  SCV x2  
  109  6:45  Marine, Widow Mine  
  114  6:50  Marauder x2  
  121  6:57  Widow Mine, Supply Depot  
  120  7:02  Concussive Shells  
  120  7:04  Medivac x2  
  120  7:06  Marine x2  
  126  7:13  Supply Depot  
  126  7:16  SCV  
  126  7:18  SCV  
  126  7:19  Marauder  
  128  7:27  Marine x2  
Show
View Real Time Build Order
Export as new Build Order

Dear Protoss 

Build Orders: 1 Gate Expand, Oracle Opening, Phoenix Opening 

Get SALT Encoding   

  12  0:00  Probe  
  13  0:12  Probe  
  14  0:17  Pylon  
  14  0:24  Probe  
  15  0:32  Probe  
  15  0:37  Gateway  
  15  0:40  Probe  
  16  0:47  Assimilator  
  17  0:51  Probe  
  18  1:03  Probe  
  19  1:15  Probe  
  20  1:23  Nexus  
  20  1:34  Cybernetics Core  
  20  1:37  Probe  
  21  1:43  Assimilator  
  21  1:50  Probe  
  22  1:54  Pylon  
  22  2:02  Probe  
  22  2:03  Adept  
  23  2:14  Probe  
  26  2:18  Stargate  
  26  2:21  Adept  
  26  2:24  Warp Gate  
  26  2:26  Probe  
  27  2:31  Probe  
  30  2:38  Probe  
  30  2:39  Probe  
  31  2:46  Adept  
  31  2:49  Probe  
  31  2:50  Probe  
  34  2:55  Oracle  
  35  3:01  Probe  
  35  3:02  Probe  
  40  3:13  Probe, Pylon  
  40  3:14  Probe  
  42  3:25  Probe  
  42  3:26  Probe  
  44  3:33  Phoenix  
  46  3:38  Probe x2  
  46  3:40  Gateway  
  46  3:42  Gateway  
  46  3:46  Pylon  
  46  3:50  Probe x2  
  46  3:51  Phoenix  
  48  4:02  Probe  
  48  4:03  Probe, Assimilator  
  48  4:06  Assimilator  
  49  4:12  Phoenix  
  49  4:14  Probe  
  49  4:15  Probe  
  53  4:21  Forge  
  53  4:24  Twilight Council  
  53  4:26  Probe  
  53  4:27  Probe  
  55  4:32  Blink  
  55  4:36  Protoss Ground Weapons Level 1  
  55  4:39  Probe  
  55  4:40  Probe  
  55  4:44  Nexus  
  57  4:45  Pylon  
  57  4:54  Probe  
  57  4:55  Probe  
  59  5:06  Probe  
  59  5:07  Probe  
  61  5:09  Gateway x2  
  61  5:10  Sentry  
  61  5:11  Sentry  
  65  5:16  Gateway  
  65  5:18  Sentry  
  65  5:19  Probe  
  65  5:20  Probe  
  69  5:24  Pylon  
  69  5:31  Probe  
  69  5:34  Robotics Facility  
  70  5:42  Probe  
  71  5:47  Stalker x3  
  77  5:50  Pylon  
  77  5:54  Shield Battery  
  77  5:56  Probe x2  
  79  5:57  Probe  
  80  6:08  Probe x2  
  80  6:09  Probe  
  83  6:13  Stalker  
  83  6:14  Stalker x3  
  83  6:15  Observer  
  83  6:18  Stalker  
  93  6:20  Stalker  
  93  6:24  Pylon  
  96  6:26  Probe  
  96  6:27  Probe x2  
  99  6:37  Assimilator x2  
  99  6:38  Shield Battery  
  99  6:40  Observer, Pylon  
  100  6:49  Probe x3  
  100  6:53  Immortal  
  103  6:55  Gateway  
  103  6:58  Gateway  
  103  7:00  Pylon  
  103  7:03  Robotics Bay  
  106  7:13  Zealot, Stalker x3  
  114  7:20  Zealot x2  
  118  7:25  Pylon  

Tags
 
Add a new tag
Caveats
  • Supply blocks, unpowered buildings, or Contaminate may cause inaccurate times.
  • Supply counts are checked every 10 seconds.